 Dungeon Crawl Stone Soup version 0.20.1-1-g8b1a95d (webtiles) character file.

3439 Linguinho the Geomancer (level 9, -10/68 HPs)
             Began as a Pale Draconian Earth Elementalist on Oct 31, 2017.
             Was a Follower of Ashenzari.
             Mangled by ceb's ghost (22 damage)
             ... on level 8 of the Dungeon.
             The game lasted 00:27:25 (7600 turns).

Linguinho the Geomancer (DrEE)                      Turns: 7600, Time: 00:27:28

Health: -10/68     AC:  7    Str: 10    XL:     9   Next: 77%
Magic:  5/21       EV: 12    Int: 20    God:    Ashenzari [*.....]
Gold:   400        SH:  0    Dex: 11    Spells: 4/25 levels left

rFire    x . .     SeeInvis .   f - +1 dagger (freeze) (curse)
rCold    + + .     Gourm    .   (no shield)
rNeg     . . .     Faith    .   (armour unavailable)
rPois    .         Spirit   .   (helmet restricted)
rElec    .         Reflect  .   (no cloak)
rCorr    .         Harm     .   (no gloves)
MR       .....                  (no boots)
Stlth    ++........             (no amulet)
Regen    0.3/turn               r - ring of protection from cold
MPRegen  0.2/turn               w - ring of ice

@: no status effects
A: breathe steam, unfitting armour, cold-blooded, AC +7
a: Breathe Steam, Curse Item, Scrying, Renounce Religion


You were on level 8 of the Dungeon.
You worshipped Ashenzari.
Ashenzari was aware of your devotion.
You were not hungry.

You visited 2 branches of the dungeon, and saw 9 of its levels.

You collected 439 gold pieces.
You spent 39 gold pieces at shops.

Inventory:

Hand Weapons
 f - a cursed +1 dagger of freezing (weapon)
Missiles
 b - 57 stones (quivered)
Jewellery
 r - a ring of protection from cold (left hand)
 w - a ring of ice (right hand)
Wands
 u - a wand of flame (27/48)
Scrolls
 e - 3 scrolls of fear
 g - a scroll of random uselessness {unknown}
 h - 2 scrolls of recharging
 i - 5 scrolls of remove curse
 l - a scroll of fog {unknown}
 m - 3 scrolls of teleportation {unknown}
 n - 2 scrolls of identify
 o - a scroll of noise {unknown}
 q - 2 scrolls of enchant weapon {unknown}
 s - 3 scrolls of blinking
 t - a scroll of amnesia {unknown}
Potions
 a - a potion of cancellation {unknown}
 k - 3 potions of might
 p - a potion of mutation {unknown}
 v - a potion of curing {unknown}
 x - a potion of magic {unknown}
 B - a potion of haste {unknown}
 D - 2 potions of heal wounds {unknown}
Books
 d - a book of Geomancy

   Spells                             Type                      Level
   a - Sandblast                      Earth                        1
   b - Passwall                       Transmutation/Earth          2
   c - Stone Arrow                    Conjuration/Earth            3
   d - Petrify                        Transmutation/Earth          4
   e - Lee's Rapid Deconstruction     Earth                        5
 y - a book of Maledictions

   Spells                             Type                      Level
   a - Corona                         Hexes                        1
   b - Ensorcelled Hibernation        Hexes/Ice                    2
   c - Confuse                        Hexes                        3
   d - Tukima's Dance                 Hexes                        3
   e - Dazzling Spray                 Conjuration/Hexes            3
Comestibles
 c - 8 bread rations
 j - 5 fruits
 z - 3 royal jellies
 A - a meat ration
 C - 2 chunks of flesh


   Skills:
 + Level 2.5 Fighting
 + Level 2.5 Throwing
 - Level 1.8 Dodging
 - Level 2.0 Stealth
 + Level 8.5 Spellcasting
 + Level 2.2 Conjurations
 + Level 0.3 Hexes
 + Level 1.5 Transmutations
 + Level 9.1 Earth Magic
 * Level 3.9 Evocations


You had 4 spell levels left.
You knew the following spells:

 Your Spells              Type           Power        Failure   Level  Hunger
a - Sandblast             Erth           #####.       1%          1    None
b - Passwall              Tmut/Erth      ####......   1%          2    None
c - Stone Arrow           Conj/Erth      ####..       2%          3    None
d - Lee's Rapid Deconstr  Erth           #####.....   5%          5    #####..
e - Petrify               Tmut/Erth      ####....     9%          4    ###....
f - Dazzling Spray        Conj/Hex       ##....       14%         3    None
g - Confuse               Hex            #.......     22%         3    None


Dungeon Overview and Level Annotations

Branches:
Dungeon (8/15)             Temple (1/1) D:5
   Lair: D:8-11

Altars:
Ashenzari
Cheibriados
Dithmenos
Elyvilon
Gozag
Hepliaklqana
Makhleb
Ru
Sif Muna
Trog
Uskayaw
Yredelemnul
Zin
The Shining One

Shops:
D:6 *

Annotations:
D:8 ceb's ghost, novice CeHu


Innate Abilities, Weirdness & Mutations

You can breathe blasts of scalding, opaque steam.
Your pale cyan-grey scales are hard. (AC +7)
You cannot fit into any form of body armour.
You are cold-blooded and may be slowed by cold attacks.


Message History

Casting: Sandblast
Confirm with . or Enter, or press ? or * to list all spells.
Aiming: Sandblast
Press: ? - help, Shift-Dir - straight line, f/p - ceb's ghost
Aim: ceb's ghost, wielding a weapon of electrocution (moderately damaged)
The blast of sand misses ceb's ghost.
b - 57 stones Ceb's ghost hits you!
You are electrocuted!
Ceb's ghost hits you but does no damage.
Casting: Sandblast
Confirm with . or Enter, or press ? or * to list all spells.
Which direction?
Ceb's ghost barely misses you.
You begin to meditate on the wall.
You continue meditating on the rock.
Ceb's ghost grins evilly.
Ceb's ghost hits you!
* * * LOW HITPOINT WARNING * * *
You continue meditating on the rock.
Ceb's ghost hits you!!
You die...

#.##.....
#.#.....< #......
#.... ##..# #..#
########s.#
#....†÷W..#
#.#####@#.#
#.#########
#.....## #....#.#
#...#..#
#####.#...#.
#................
##...#...#.#...#.
#.#..#..#...#..#


You could see ceb's ghost and a giant cockroach.

Vanquished Creatures
  Pikel (D:7)
  The ghost of Linguinho the Sneak, a novice SpEn of Dithmenos (D:5)
  Prince Ribbit (D:5)
  Eustachio (D:6)
  2 slaves (D:7)
  An ice beast (D:7)
  A phantom (D:7)
  2 black bears (D:7)
  3 orc warriors
  6 ogres
  2 centaurs
  A bullfrog (D:6)
  2 scorpions
  A howler monkey (D:4)
  2 crimson imps
  2 bullfrog zombies (D:5)
  A centaur zombie (D:5)
  3 hounds
  An orc priest (D:7)
  5 orc wizards
  7 worker ants
  2 hound skeletons
  A howler monkey zombie (D:7)
  A worker ant zombie (D:5)
  6 gnolls
  11 adders
  A shadow imp (D:6)
  An adder zombie (D:5)
  2 adder skeletons (D:4)
  A worm (D:3)
  A dart slug (D:1)
  5 leopard geckos
  25 orcs
  4 giant cockroaches
  11 goblins
  9 hobgoblins
  15 jackals
  4 quokkas
  9 bats
  7 frilled lizards
  12 kobolds
  A quokka skeleton (D:5)
  6 rats
181 creatures vanquished.

Vanquished Creatures (others)
  An iguana (D:7)
1 creature vanquished.

Grand Total: 182 creatures vanquished

Notes
Turn   | Place    | Note
-------+----------+-------------------------------------------
     0 | D:1      | Linguinho the Draconian Earth Elementalist began the quest for the Orb.
     0 | D:1      | Reached XP level 1. HP: 14/14 MP: 3/3
   129 | D:1      | Reached XP level 2. HP: 5/20 MP: 0/5
  1404 | D:1      | Reached XP level 3. HP: 27/27 MP: 6/6
  1898 | D:2      | Reached skill level 1 in Fighting
  1980 | D:2      | Reached XP level 4. HP: 35/35 MP: 3/8
  2083 | D:2      | Noticed a centaur
  2089 | D:2      | Killed a centaur
  2089 | D:2      | Reached skill level 1 in Throwing
  2089 | D:2      | Reached skill level 4 in Earth Magic
  2089 | D:2      | Reached XP level 5. HP: 14/40 MP: 2/9
  2853 | D:3      | Learned a level 2 spell: Passwall
  2857 | D:3      | Learned a level 3 spell: Stone Arrow
  2870 | D:3      | Noticed an ogre
  2952 | D:3      | Killed an ogre
  2973 | D:3      | Reached XP level 6. HP: 45/47 MP: 2/11
  3304 | D:3      | Reached skill level 5 in Earth Magic
  3727 | D:4      | Your scales start taking on a pale cyan-grey colour.
  3727 | D:4      | Reached XP level 7. HP: 52/52 MP: 6/14
  3763 | D:4      | Reached skill level 5 in Spellcasting
  4008 | D:4      | Reached skill level 6 in Earth Magic
  4109 | D:4      | Found a basalt altar of Yredelemnul.
  4147 | D:4      | Found a bloodstained altar of Trog.
  4420 | D:4      | Reached skill level 1 in Conjurations
  4462 | D:4      | Found a glowing golden altar of the Shining One.
  4462 | D:4      | Found a white marble altar of Elyvilon.
  4548 | D:5      | Entered Level 5 of the Dungeon
  4597 | D:5      | Found a staircase to the Ecumenical Temple.
  4598 | D:5      | Noticed Linguinho's ghost (novice SpEn)
  4600 | D:5      | Killed Linguinho's ghost
  4600 | D:5      | Reached XP level 8. HP: 60/61 MP: 6/17
  4614 | D:5      | Reached skill level 7 in Earth Magic
  4691 | Temple   | Entered the Ecumenical Temple
  4724 | Temple   | Became a worshipper of Ashenzari the Shackled
  4800 | D:5      | Found an opulent altar of Gozag.
  4836 | D:5      | Noticed Prince Ribbit
  4853 | D:5      | Killed Prince Ribbit
  5121 | D:5      | Found a shadowy altar of Dithmenos.
  5232 | D:6      | Found a sacrificial altar of Ru.
  5443 | D:6      | Reached skill level 8 in Earth Magic
  5529 | D:6      | Found Ufri's General Store.
  5533 | D:6      | Reached * piety under Ashenzari
  5535 | D:6      | Bought 16 stones for 17 gold pieces
  5535 | D:6      | Bought a scroll of identify for 22 gold pieces
  5608 | D:6      | Reached skill level 1 in Evocations
  5623 | D:6      | Noticed Eustachio
  5632 | D:6      | Killed Eustachio
  5632 | D:6      | Reached XP level 9. HP: 47/68 MP: 9/20
  6013 | D:7      | Noticed Pikel
  6023 | D:7      | Killed Pikel
  6119 | D:7      | Learned a level 5 spell: Lee's Rapid Deconstruction
  6124 | D:7      | Learned a level 4 spell: Petrify
  6477 | D:7      | Reached skill level 9 in Earth Magic
  6808 | D:7      | Learned a level 3 spell: Dazzling Spray
  6812 | D:7      | Learned a level 3 spell: Confuse
  7588 | D:8      | Noticed ceb's ghost (novice CeHu)
  7600 | D:8      | Mangled by ceb's ghost

Skill      XL: |  1  2  3  4  5  6  7  8  9 |
---------------+----------------------------+-----
Stealth        | 2 |  2.0
Fighting       | 1 2 |  2.5
Throwing       | 1 2 |  2.5
Spellcasting   | 3 4 6 7 8 |  8.5
Earth Magic    | 4 5 6 8 9 |  9.1
Conjurations   | 1 2 |  2.2
Evocations     | 1 3 |  3.9
Dodging        | |  1.8
Hexes          | |  0.3
Transmutations | |  1.5

Action                   |  1- 3 |  4- 6 |  7- 9 || total
-------------------------+-------+-------+-------++-------
Melee: Unarmed           |    45 |       |       ||    45
       Tailslap          |     8 |     3 |    12 ||    23
       Dagger            |    25 |    21 |    86 ||   132
Throw: Javelin           |    36 |    27 |     1 ||    64
       Stone             |     4 |     1 |     2 ||     7
 Cast: Sandblast         |    22 |    80 |    94 ||   196
       Stone Arrow       |       |     1 |    37 ||    38
       Lee's Rapid Decon |       |       |     4 ||     4
       Dazzling Spray    |       |       |     4 ||     4
       Petrify           |       |       |     3 ||     3
       Confuse           |       |       |     2 ||     2
       Passwall          |       |       |     1 ||     1
Invok: Curse Item        |       |       |     1 ||     1
 Abil: Breathe Steam     |       |       |     9 ||     9
  Use: Scroll            |       |       |     6 ||     6
 Stab: Sleeping          |       |       |     1 ||     1
       Confused          |       |       |     1 ||     1
  Eat: Chunk             |     3 |     6 |    13 ||    22
       Royal jelly       |       |       |     1 ||     1
Armor: Skin              |    29 |    28 |    40 ||    97
Dodge: Dodged            |    64 |    40 |    72 ||   176
